 Dungeon Crawl Stone Soup version 0.24-a0-584-g9d6b971ae4 (webtiles) character file.

Game seed: 14934117078759079292, levelgen mode: deterministic

64 Mithandil the Skirmisher (level 3, 0/29 HPs)
             Began as a Demonspawn Abyssal Knight on Sept 5, 2019.
             Was a Follower of Lugonu.
             Slain by Terence
             ... wielding a +0 flail of protection
              (8 damage)
             ... on level 2 of the Dungeon.
             The game lasted 00:06:26 (914 turns).

Mithandil the Skirmisher (Demonspawn Abyssal Knight) Turns: 914, Time: 00:06:26

Health: 0/29       AC:  5    Str: 13    XL:     3   Next: 91%
Magic:  5/5        EV:  6    Int: 13    God:    Lugonu [*.....]
Gold:   92         SH: 11    Dex: 14    Spells: 2/2 levels left

rFire    . . .     SeeInvis .   a - +1 spear
rCold    . . .     Gourm    .   d - +0 large shield
rNeg     . . .     Faith    .   g - +0 ring mail
rPois    .         Spirit   .   (no helmet)
rElec    .         Reflect  .   (no cloak)
rCorr    .         Harm     .   (no gloves)
MR       .....                  (no boots)
Stlth    +.........             (no amulet)
HPRegen  0.09/turn              (no ring)
MPRegen  0.09/turn              (no ring)

@: no status effects
A: thin skeletal structure 1
a: Depart the Abyss, Renounce Religion


You were on level 2 of the Dungeon.
You worshipped Lugonu.
Lugonu was aware of your devotion.
You were not hungry.

You visited 1 branch of the dungeon, and saw 2 of its levels.
You visited the Abyss 1 time.

You collected 92 gold pieces.

Inventory:

Hand Weapons
 a - a +1 spear (weapon)
 n - a +1 dagger of pain
Missiles
 b - 31 stones (quivered)
 e - 19 bolts
Armour
 d - a +0 large shield (worn)
 g - a +0 ring mail (worn)
Jewellery
 f - an uncursed amulet of the acrobat {unknown}
Scrolls
 h - a scroll of amnesia {unknown}
 i - a scroll of enchant armour {unknown}
 j - a scroll of magic mapping {unknown}
 k - a scroll of enchant weapon {unknown}
 l - a scroll of identify {unknown}
Potions
 m - a potion of agility
Comestibles
 c - 3 rations


   Skills:
 + Level 3.3 Fighting
 + Level 2.2 Polearms
 + Level 2.2 Armour
 + Level 1.5 Dodging
 + Level 0.5 Stealth
 + Level 0.9 Shields
 + Level 3.1 Invocations


You had 2 spell levels left.
You didn't know any spells.
Your spell library was empty.

Dungeon Overview and Level Annotations

Branches:
Dungeon (2/15)

Altars:

Annotations:
D:2 Terence


Innate Abilities, Weirdness & Mutations

You have a somewhat thin skeletal structure. (Dex +2, Stealth)


Message History

You closely miss Terence.
Terence is lightly wounded.
Terence barely misses you.
You hit Terence.
Terence is moderately wounded.
Terence hits you with a +0 flail of protection.
You hit Terence.
Terence is heavily wounded.
Terence bares his teeth.
Terence barely misses you.
You closely miss Terence.
Terence is heavily wounded.
You hit Terence but do no damage.
Terence is heavily wounded.
Terence hits you with a +0 flail of protection!
* * * LOW HITPOINT WARNING * * *
You hit Terence but do no damage.
Terence is heavily wounded.
Terence hits you with a +0 flail of protection!
You die...

.# #.# .# .# #.# .# #.#
## .# #.###. #.# ##
#.##.. #.# #+## # #.##.#
#.# #...## ##
#.##.####.# #.....# .#
#.##.#.##.###.......
.####.........##........
...............@@.......
.######.....####........
.# #.##.## ##....... .#
#.#### #.....# .# #.#
#...## .# #.# #+## ##
#.. # #..


You could see Terence.

Vanquished Creatures
  Jessica (D:2)
  An ooze (D:2)
  A dart slug (D:1)
  2 leopard geckos
  An orc (D:2)
  4 bats
  6 goblins
  5 hobgoblins (D:1)
  2 jackals (D:1)
  3 kobolds (D:1)
  3 rats
29 creatures vanquished.

Notes
Turn   | Place    | Note
-------+----------+-------------------------------------------
     0 | Abyss:1  | Mithandil the Demonspawn Abyssal Knight began the quest for
                  | the Orb.
     0 | Abyss:1  | Reached XP level 1. HP: 18/18 MP: 2/2
    44 | Abyss:1  | Noticed an insubstantial wisp
    45 | D:1      | Escaped the Abyss
   125 | D:1      | Reached skill level 1 in Dodging
   160 | D:2      | Reached * piety under Lugonu
   190 | D:1      | Gained mutation: You have a somewhat thin skeletal
                  | structure. (Dex +2, Stealth) [demonic ancestry]
   190 | D:1      | Reached XP level 2. HP: 20/24 MP: 4/4
   751 | D:1      | Reached XP level 3. HP: 28/29 MP: 5/5
   858 | D:2      | Noticed Jessica
   873 | D:2      | Killed Jessica
   887 | D:2      | Noticed Terence
   914 | D:2      | Slain by Terence

Levels and vault maps discovered:
D:1:      scummos_arrival_star, layout_loops_ring
D:2:      layout_loops_corners, uniq_jessica, uniq_terence, uniq_sigmund

Skill      XL: |  1  2  3 |
---------------+----------+-----
Dodging        | 1 |  1.5
Armour         | 2 |  2.2
Polearms       | 2 |  2.2
Invocations    | 3 |  3.1
Fighting       | |  3.3
Stealth        | |  0.5
Shields        | |  0.9

Action                   || total
-------------------------++-------
Melee: Spear             ||   105
Invok: Depart the Abyss  ||     1
  Use: Potion            ||     6
 Stab: Sleeping          ||     3
Armor: Ring mail         ||    27
Dodge: Dodged            ||    15
Block: Large shield      ||    51

Table legend:
 A = Non-vault XP
 B = Vault XP
 C = Vault XP percentage of total XP
 D = Non-vault monster count
 E = Vault monster count
 F = Vault count percentage of total count
                 A         B        C        D         E       F
            +---------+---------+-------+---------+---------+-------
      Total |      55 |      37 |  40.2 |      28 |       1 |   3.4
            +---------+---------+-------+---------+---------+-------
        D:1 |      37 |       0 |   0.0 |      20 |       0 |   0.0
        D:2 |      18 |      37 |  67.3 |       8 |       1 |  11.1
            +---------+---------+-------+---------+---------+-------
